slyhack, chaotic female human Rogue U ; ; ; .--- @ @ X @ @ .H.| .|@| @@@@@@@@@ H D |.| @ @@@@@@@@@ N L D |<| @ |.| ; @@ @@ @@T RRROT m ; @ TL ; ; @@@@@@@@@ O HN m @@@@@@@@@ L O X X E @@ @ @ ; slyhack the Robber Experience level: 14 Strength: 25 Dexterity: 17 Constitution: 18 Intelligence: 9 Wisdom: 12 Charisma: 8 Health: 0(120) Energy: 81(81) Def: 23 Gold: 0 Moves: 42194 Dungeon seed: cuCBC0oJGItKpVs4 Game ID: slyhack_1477187801 Your Inventory: Amulets j - an uncursed amulet of ESP o - an uncursed amulet of reflection (being worn) Weapons a - a blessed +2 long sword named +2 b - 6 uncursed +4 daggers (in quiver) i - 6 uncursed +0 elven arrows l - 2 uncursed +0 elven daggers n - an uncursed +0 partisan z - an uncursed +0 silver saber (weapon in hand) Armor e - an uncursed +3 dwarvish cloak (being worn) A - an uncursed +0 dwarvish mithril-coat (being worn) F - an uncursed +1 pair of low boots (being worn) G - an uncursed thoroughly rusty thoroughly corroded +0 pair of gauntlets of power (being worn) H - an uncursed +3 elven leather helm (being worn) S - an uncursed +2 small shield (being worn) Comestibles m - an uncursed food ration Y - 3 uncursed lizard corpses Scrolls p - a cursed scroll of teleportation Wands h - an uncursed wand of cold (0:0) u - an uncursed wand of lightning (0:3) x - an uncursed wand of teleportation (0:3) y - an uncursed wand of sleep (0:4) D - an uncursed wand of cold (0:5) V - an uncursed wand of digging (0:2) Tools k - an uncursed skeleton key s - an uncursed +0 unicorn horn B - a blessed bag of holding O - an uncursed oilskin sack P - an uncursed towel (being worn) Gems J - a blessed luckstone Contents of the bag of holding: 3664 gold pieces 2 uncursed +0 daggers a blessed +3 dagger named +3 4 uncursed +0 elven daggers an uncursed +0 dwarvish cloak a cursed -1 dwarvish cloak 5 uncursed apples 5 uncursed food rations 6 uncursed fortune cookies 2 uncursed lizard corpses an uncursed sprig of wolfsbane an uncursed tripe ration 2 blessed scrolls of blank paper 2 uncursed scrolls of blank paper a cursed scroll of blank paper 3 uncursed scrolls of earth 2 blessed scrolls of identify a blessed scroll of teleportation 2 uncursed scrolls of teleportation a cursed scroll of teleportation 2 potions of holy water an uncursed ring of conflict an uncursed ring of invisibility an uncursed ring of invisibility an uncursed ring of teleport control an uncursed wand of digging (0:8) an uncursed wand of magic missile (0:4) an uncursed wand of striking (0:3) an uncursed wand of teleportation (0:3) an uncursed +0 pick-axe an uncursed sack Contents of the oilskin sack: a cursed wand of cancellation (0:6) an uncursed wand of cancellation (0:1) an uncursed wand of locking (0:4) an uncursed magic whistle Spells and supernatural/magical abilities: Name Level Category Fail Memory W - pray for help -- divine ? -- Your skills at the end: Fighting Skills Weapon Skills dagger [Expert] short sword [Basic] long sword [Skilled] Spellcasting Skills Final Attributes: You were piously aligned. You were cold resistant. You were sleep resistant. You were poison resistant. You saw invisible. You were telepathic. You had automatic searching. You were stealthy. You were protected. You had reflection. You were lucky. You had extra luck. Good luck did not time out for you. You are dead. Vanquished creatures: Medusa a balrog a minotaur a baluchitherium a demilich a stone golem a captain 2 liches a water troll a clay golem a nurse 3 lurkers above 2 frost giants 3 black puddings a vampire 3 ghosts a lieutenant 2 queen bees a winged gargoyle 2 mind flayers 3 giant mimics a zruty 2 fire giants an ice troll a rock troll 2 umber hulks a doppelganger a large mimic 2 wumpuses a baby long worm a baby purple worm 5 long worms 5 stalkers a fire elemental 2 water elementals 3 black nagas 2 xorns 4 giant zombies 3 sergeants 3 wargs 4 winter wolves 6 small mimics 2 glass piercers 2 warhorses 6 xans 2 ettin mummies an ogre lord 4 quantum mechanics 8 trolls a wood golem 3 gelatinous cubes 3 pyrolisks 5 large dogs 4 freezing spheres 2 flaming spheres 4 shocking spheres 2 large cats a tiger 6 gargoyles 3 dwarf kings 4 tengu 4 ochre jellies 5 leocrottas a mountain centaur 3 stone giants 2 elf mummies a human mummy a red naga a pit viper 2 pythons 2 wraiths 2 carnivorous apes 2 ettin zombies a Grey-elf 6 soldiers 2 succubi an incubus 6 chameleons a crocodile 7 giant beetles 6 cockatrices 3 wolves 11 winter wolf cubs 4 panthers 32 leprechauns 7 orc-captains 3 iron piercers 2 mumakil 6 giant spiders 2 scorpions 4 horses 8 black lights a vampire bat a forest centaur 6 gnome kings 3 orc mummies a dwarf mummy 2 ogres 2 brown puddings 4 rust monsters 8 owlbears 7 yetis 3 gold golems a Green-elf 8 lizards 2 thugs 4 chickatrices 2 dogs 3 dingos 2 housecats 5 jaguars 6 dwarf lords 4 blue jellies 3 white unicorns 2 gray unicorns 2 dust vortices 2 plains centaurs 3 gnome mummies 5 snakes 6 apes 10 human zombies 4 rope golems 2 Woodland-elves 11 soldier ants 2 fire ants 5 bugbears an imp 2 wood nymphs a water nymph 5 mountain nymphs 21 Mordor orcs 5 Uruk-hai an orc shaman 2 rock piercers 6 rock moles 3 ponies 6 fog clouds 6 yellow lights 4 shriekers 6 violet fungi 20 gnome lords 9 gnomish wizards 3 kobold mummies 3 red naga hatchlings a black naga hatchling 3 guardian naga hatchlings 4 gray oozes a barrow wight 10 elf zombies 5 straw golems 4 paper golems 18 giant ants 2 little dogs 12 floating eyes 2 kittens 29 dwarves 2 homunculi 6 kobold lords 5 kobold shamans 31 hill orcs 11 rothes 2 rabid rats 6 centipedes 2 giant bats 5 monkeys 8 orc zombies 11 dwarf zombies 2 wererats 2 werejackals 10 iguanas 98 killer bees 7 acid blobs 7 coyotes 5 gas spores 9 hobbits 12 manes 5 large kobolds 9 hobgoblins 7 giant rats 11 cave spiders 3 yellow molds 3 green molds 3 red molds 66 gnomes 4 garter snakes 3 gnome zombies 7 geckos 13 jackals 5 foxes a kobold 5 goblins 3 sewer rats 12 grid bugs 4 bats 8 lichens 3 kobold zombies 10 newts 1038 creatures vanquished. Voluntary challenges: You had been an atheist until turn 12061. You used a wielded weapon 1055 times, starting on turn 276. You read items or engraved 30 times, starting on turn 2638. You never genocided any monsters. You never polymorphed an object. You changed form 2 times, starting on turn 36726. You used no wishes. You split 1 pudding, starting on turn 41251. You wrote Elbereth's name 15 times, starting on turn 2638. You violated your moral code, losing 22 points of alignment, starting on turn 28184. Dungeon overview: The Dungeons of Doom: levels 1 to 25 Level 1 many fountains a long staircase Level 2 a fountain Level 3 an armor shop, some fountains Level 4 an armor shop stairs to The Gnomish Mines Level 5 Level 6 some fountains Level 7 a general store Level 8 (old stash) Level 9 (delphi) many fountains Level 10 stairs to Sokoban Level 11 Level 12 a fountain Level 13 a throne Level 14 some fountains Level 15 a fountain, a sink portal to The Quest Level 16 Level 17 a fountain, a throne Level 18 Level 19 a fountain, a sink Level 20 Level 21 some fountains Level 22 Level 23 an altar to Kos, a fountain Level 24 (medusa (center)) Level 25 (castle) <- You were here The Gnomish Mines: levels 5 to 12 Level 5 stairs to The Dungeons of Doom Level 6 Level 7 Level 8 (stash, gen store, bought 5pts) many shops, a temple to Mog, some fountains Level 9 Level 10 Level 11 Level 12 a fountain The Quest: Level 1 portal to The Dungeons of Doom Sokoban: levels 6 to 9 Level 6 Level 7 Level 8 Level 9 stairs to The Dungeons of Doom History has recorded: On T:1 you entered the Dungeons of Doom to retrieve the Amulet of Yendor! On T:390 you reached level 2 of The Dungeons of Doom. On T:502 you reached level 3 of The Dungeons of Doom. On T:515 you advanced to experience level 2. On T:735 you advanced to experience level 3. On T:1048 you reached level 4 of The Dungeons of Doom. On T:1362 you reached level 1 of The Gnomish Mines. On T:1389 you reached level 5 of The Dungeons of Doom. On T:1403 you advanced to experience level 4. On T:1572 you reached level 6 of The Dungeons of Doom. On T:1763 you reached level 7 of The Dungeons of Doom. On T:2038 you advanced to experience level 5. On T:2336 you reached level 8 of The Dungeons of Doom. On T:2634 you advanced to experience level 6. On T:3897 you advanced to experience level 7. On T:4065 you reached level 9 of The Dungeons of Doom. On T:4519 you reached level 10 of The Dungeons of Doom. On T:4828 you reached level 11 of The Dungeons of Doom. On T:4943 you advanced to experience level 8. On T:5440 you advanced to experience level 9. On T:5502 you reached level 4 of Sokoban. On T:6214 you reached level 3 of Sokoban. On T:7389 you reached level 2 of Sokoban. On T:7973 you reached level 1 of Sokoban. On T:11029 you reached level 2 of The Gnomish Mines. On T:11495 you reached level 3 of The Gnomish Mines. On T:11976 you reached level 4 of The Gnomish Mines. On T:12522 you reached level 5 of The Gnomish Mines. On T:12705 you advanced to experience level 10. On T:15043 you reached level 12 of The Dungeons of Doom. On T:15622 you reached level 13 of The Dungeons of Doom. On T:16760 you reached level 14 of The Dungeons of Doom. On T:17039 you reached level 15 of The Dungeons of Doom. On T:17329 you reached level 16 of The Dungeons of Doom. On T:17691 you reached level 1 of The Quest. On T:18669 you reached level 17 of The Dungeons of Doom. On T:19367 you reached level 18 of The Dungeons of Doom. On T:19693 you reached level 19 of The Dungeons of Doom. On T:19727 you reached level 20 of The Dungeons of Doom. On T:19950 you advanced to experience level 11. On T:20655 you reached level 21 of The Dungeons of Doom. On T:20709 you reached level 22 of The Dungeons of Doom. On T:25354 you reached level 23 of The Dungeons of Doom. On T:25759 you reached level 24 of The Dungeons of Doom. On T:26635 you advanced to experience level 12. On T:27122 you advanced to experience level 13. On T:34853 you advanced to experience level 14. On T:36037 you reached level 6 of The Gnomish Mines. On T:36709 you reached level 7 of The Gnomish Mines. On T:38061 you reached level 8 of The Gnomish Mines. On T:42025 you killed Medusa on level 24 of The Dungeons of Doom. On T:42179 you reached The Castle. Score breakdown: Gold: 3664 (12123 points) Experience: 14 levels (20086 points) Exploration: 25 levels ( 52.08%) (21437 points) Discoveries: 43 items ( 14.43%) (11395 points) Valuables value: (no points given unless you survive) Artifact value: 0 ( 0 points) Variety of kills: 197 monsters ( 51.71%) (21572 points) Turncount: 42194 turns (-4505 points) Survival: died (score multiplied by 80%) Total score: 65686 Latest messages: You throw 4 daggers. The 1st dagger hits the minotaur! The 2nd dagger hits the minotaur! You kill the minotaur! The 3rd dagger hits the minotaur! The 4th dagger hits the minotaur! The dagger hits the minotaur! The minotaur hits! (2x) The minotaur butts! The dagger hits the minotaur! The minotaur hits! (2x) The minotaur butts! You hear a crunching sound. The dagger hits the minotaur! The minotaur hits! You die... The sack is empty. The sack is empty. Final status: Goodbye slyhack the Rogue, killed by a minotaur... You died in The Dungeons of Doom on dungeon level 25 with 65686 points, and 3664 pieces of gold, after 42194 moves. You were level 14 with a maximum of 120 hit points when you died.